 Dungeon Crawl Stone Soup version 0.31.0-9-g3a7656b989 (webtiles) character file.

Game seed: 3953643932850893243

4048 jagang the Carver (level 10, -1/80 HPs)
             Began as a Human Monk on Jan 24, 2024.
             Was a Priest of the Shining One.
             Slain by a vampire mosquito (8 damage)
             ... on level 9 of the Dungeon.
             The game lasted 00:24:20 (7558 turns).

jagang the Carver (Human Monk)                      Turns: 7558, Time: 00:24:20

Health: -1/80      AC: 12    Str: 13    XL:     10   Next: 24%
Magic:  10/10      EV:  7    Int: 10    God:    the Shining One [***...]
Gold:   137        SH:  5    Dex: 19    Spells: 9/9 levels left

rFire   . . .        b - +0 long sword
rCold   . . .        k - -1 buckler
rNeg    + . .        t - +0 chain mail
rPois   +            (no helmet)
rElec   .            w - +1 cloak
rCorr   +            (no gloves)
SInv    .            (no boots)
Will    .....        (no amulet) Stlth
                     f - ring of poison resistance
HPRegen 0.33/turn    r - ring of resist corrosion
MPRegen 0.12/turn

%: no passive effects
@: glowing
A: explore regen
a: Renounce Religion, Divine Shield, Cleansing Flame


You were on level 9 of the Dungeon.
You worshipped the Shining One.
The Shining One was most pleased with you.
You visited 2 branches of the dungeon, and saw 10 of its levels.

You collected 484 gold pieces.
You spent 347 gold pieces at shops.

Inventory:

Hand Weapons
 b - a +0 long sword (weapon)
Missiles
 a - 5 boomerangs
 i - 32 poisoned darts (quivered)
 s - a curare-tipped dart
Armour
 k - a -1 buckler (worn)
 t - a +0 chain mail (worn)
 w - a +1 cloak (worn)
Jewellery
 f - a ring of poison resistance (left hand)
 r - a ring of resist corrosion (right hand)
Wands
 d - a wand of paralysis (8)
 A - a wand of light (12)
 B - a wand of digging (7)
Scrolls
 h - 2 scrolls of blinking
 l - a scroll of silence
 v - 3 scrolls of amnesia
 x - a scroll of immolation
 z - a scroll of enchant armour
 C - a scroll of vulnerability
Potions
 c - a potion of ambrosia
 e - a potion of haste
 g - a potion of attraction
 m - 2 potions of lignification
 o - 4 potions of brilliance
 p - a potion of cancellation {unknown}
 q - 3 potions of enlightenment {unknown}
 u - 2 potions of invisibility {unknown}


   Skills:
 * Level 8.0 Fighting
 * Level 8.0 Long Blades
 + Level 4.8 Throwing
 * Level 7.3 Armour
 - Level 3.0 Dodging
 + Level 4.4 Shields


You had 9 spell levels left.
You didn't know any spells.
Your spell library contained the following spells:

 Spells                   Type           Power      Damage    Failure   Level
 Magic Dart               Conj           0%         1d3       100%        1
 Lesser Beckoning         Tloc           0%         N/A       100%        2
 Searing Ray              Conj           0%         2d4       100%        2
 Call Canine Familiar     Summ           0%         N/A       100%        3
 Gell's Gravitas          Tloc           0%         N/A       100%        3
 Hailstorm                Conj/Ice       0%         3d5       100%        3
 Sigil of Binding         Hex            0%         N/A       100%        3
 Summon Ice Beast         Ice/Summ       0%         N/A       100%        3
 Teleport Other           Tloc           0%         N/A       100%        3
 Volatile Blastmotes      Fire/Tloc      0%         2d10      100%        3
 Dimensional Bullseye     Hex/Tloc       0%         N/A       100%        4
 Fulminant Prism          Conj/Alch      0%         3d5       100%        4
 Iskenderun's Mystic Bla  Conj/Tloc      0%         2d3       100%        4
 Sculpt Simulacrum        Ice/Alch       0%         N/A       100%        6


Dungeon Overview and Level Annotations

Branches:
Dungeon (10/15)            Temple (1/1) D:4
   Lair: D:8-11         Orc: D:9-12

Altars:
Ashenzari
Cheibriados
Dithmenos
Elyvilon
Fedhas
Gozag
Hepliaklqana
Kikubaaqudgha
Makhleb
Nemelex Xobeh
Okawaru
Qazlal
Ru
Sif Muna
Trog
Uskayaw
Vehumet
Wu Jian
Xom
Yredelemnul
Zin
The Shining One

Shops:
D:4 [   D:6 ??

Portals:
Trove: D:10 (give +5 ice dragon scales)

Annotations:
D:4 2 transporters, Krumphau's ghost, amateur MiFi


Innate Abilities, Weirdness & Mutations

You regain HP and MP as you explore.


Message History

The acid dragon is almost dead.
You block the acid dragon's attack. The acid dragon claws you.
* * * LOW HITPOINT WARNING * * *
The cyclops throws a large rock.
The large rock hits you!! The Shining One protects you from harm!
You barely miss the acid dragon.
The acid dragon is almost dead.
The acid dragon barely misses you.
The acid dragon claws you but does no damage.
A two-headed ogre comes into view.
It is wielding a +0 giant club and a +0 giant spiked club.
Unknown command.
You slash the acid dragon!
You kill the acid dragon!
Your Fighting skill increases to level 8!
A vampire mosquito comes into view.
You see here an acid dragon corpse.
As you read the scroll of fear, it crumbles to dust.
You assume a fearsome visage.
The vampire mosquito is unaffected.
The two-headed ogre looks frightened!
The vampire mosquito buzzes angrily.
You hear a shout! x2
The two-headed ogre yells at you, "GO AWAY!"
You block the vampire mosquito's attack.
The vampire mosquito closely misses you.
You block the vampire mosquito's attack.
You hit the vampire mosquito.
The vampire mosquito is moderately damaged.
The vampire mosquito closely misses you.
The vampire mosquito barely misses you.
You hit the vampire mosquito but do no damage.
The vampire mosquito is moderately damaged.
You block the vampire mosquito's attack.
The vampire mosquito bites you.
* * * LOW HITPOINT WARNING * * *
The vampire mosquito draws strength from your injuries!
Okay, then.
You hit the vampire mosquito but do no damage.
The vampire mosquito is lightly damaged.
The vampire mosquito closely misses you.
The vampire mosquito bites you!
You die...

#...###########.#
............##.# .. #.)....#.#
# #. ##.##).#.# #.# #.
#.##>.#.####...#
######.######.##.[†......#
..........[.........C.........
######.#########)#########.##
####.#####.@yC.†...#
#....#..##.#######.#
#..#....##.# #.#
####.####.##.# #.#
#....#.#.....# #....#
#.##.##.#.###.# #.#.#.D.K
#....#..##O# #.##.# #.
#..#....##.# #C# ..#
####.#####.. ..# #..


You could see a two-headed ogre (fleeing), a cyclops and a vampire mosquito.

Vanquished Creatures
  A two-headed ogre (D:10)
  3 trolls
  A hornet (D:10)
  2 wyverns
  Eustachio (D:4)
  3 acid dragons
  A water moccasin (D:6)
  4 ogres
  2 centaurs
  3 phantoms
  2 kobold brigands
  2 bullfrogs
  2 scorpions (D:6)
  2 bombardier beetles (D:6)
  3 hounds
  2 jellies
  2 sleepcaps (D:6)
  4 iguanas
  5 orc wizards
  6 gnolls (D:5)
  4 adders
  2 shadow imps
  2 dart slugs (D:4)
  3 ribbon worms
  11 orcs
  6 endoplasms
  2 giant cockroaches
  5 hobgoblins
  3 jackals (D:3)
  15 kobolds
  6 quokkas
  4 ball pythons
  6 bats
  3 frilled lizards
  7 goblins
  6 rats
136 creatures vanquished.

Notes
Turn   | Place    | Note
-------+----------+-------------------------------------------
     0 | D:1      | jagang the Human Monk began the quest for the Orb.
     0 | D:1      | Reached XP level 1. HP: 18/18 MP: 1/1
   181 | D:1      | Reached XP level 2. HP: 18/24 MP: 2/2
   399 | D:1      | Reached skill level 1 in Armour
  1133 | D:2      | Reached XP level 3. HP: 28/29 MP: 3/3
  1308 | D:2      | Identified the +1 robe of Yesterday {+Inv Str+6}
  1354 | D:2      | Identified the +2 leather armour of Objectivity {Str+3}
  1866 | D:3      | Reached XP level 4. HP: 37/37 MP: 4/4
  1890 | D:3      | Found a radiant altar of Vehumet.
  2032 | D:3      | Noticed a phantom
  2041 | D:3      | Killed a phantom
  2042 | D:3      | Reached XP level 5. HP: 42/42 MP: 5/5
  2195 | D:3      | Found a bloodstained altar of Trog.
  2238 | D:3      | Found a glowing silver altar of Zin.
  2357 | D:4      | Found a transporter.
  2359 | D:4      | Noticed Krumphau's ghost (amateur MiFi)
  2360 | D:4      | Found a transporter.
  2441 | D:4      | Found Visa's Armour Emporium.
  2467 | D:4      | Reached skill level 1 in Throwing
  2619 | D:4      | Noticed Eustachio
  2656 | D:4      | Killed Eustachio
  2657 | D:4      | Reached skill level 1 in Shields
  2657 | D:4      | Reached XP level 6. HP: 49/49 MP: 6/6
  2681 | D:4      | Found a shimmering blue altar of Sif Muna.
  2765 | D:4      | Found a staircase to the Ecumenical Temple.
  2776 | Temple   | Entered the Ecumenical Temple
  2830 | Temple   | Became a worshipper of the Shining One
  2830 | Temple   | Reached * piety under the Shining One
  2830 | Temple   | Reached ** piety under the Shining One
  3202 | D:5      | Entered Level 5 of the Dungeon
  3364 | D:5      | Reached XP level 7. HP: 34/55 MP: 7/7
  3770 | D:5      | Reached skill level 5 in Long Blades
  3791 | D:5      | Reached skill level 5 in Fighting
  4399 | D:5      | Reached XP level 8. HP: 41/63 MP: 8/8
  4814 | D:6      | Found Umeumy's Magic Scroll Shoppe.
  4854 | D:6      | Reached skill level 5 in Armour
  5137 | D:6      | Bought 3 scrolls of identify for 60 gold pieces
  5140 | D:6      | Bought a scroll of revelation for 75 gold pieces
  5140 | D:6      | Bought a scroll of identify for 20 gold pieces
  5140 | D:6      | Bought a scroll of identify for 20 gold pieces
  5140 | D:6      | Bought a scroll of blinking for 75 gold pieces
  5306 | D:6      | Reached XP level 9. HP: 55/71 MP: 9/9
  5376 | D:6      | Found The Oracle's Delphic Readings.
  5381 | D:6      | Bought a scroll of enchant armour for 97 gold pieces
  5417 | D:6      | Found a basalt altar of Yredelemnul.
  5616 | D:7      | You fall into a shaft and drop 3 floors!
  5616 | D:10     | Entered Level 10 of the Dungeon
  5701 | D:9      | Noticed a hornet
  5735 | D:10     | Noticed a troll
  5793 | D:10     | Killed a troll
  5987 | D:9      | Noticed a troll
  6052 | D:9      | Killed a troll
  6178 | D:9      | Noticed a cyclops
  6198 | D:10     | Noticed a hornet
  6204 | D:10     | Paralysed by a hornet for 1 turns
  6212 | D:10     | Paralysed by a hornet for 2 turns
  6220 | D:10     | Killed a hornet
  6481 | D:9      | Noticed a troll
  6487 | D:9      | Killed a troll
  6508 | D:9      | Noticed a hornet
  6599 | D:10     | Noticed a two-headed ogre
  6612 | D:10     | Killed a two-headed ogre
  6613 | D:10     | Reached XP level 10. HP: 5/80 MP: 10/10
  6971 | D:10     | Found a portal to a secret trove of treasure.
  7195 | D:10     | Noticed a gargoyle
  7462 | D:9      | Noticed a two-headed ogre
  7462 | D:9      | Reached *** piety under the Shining One
  7547 | D:9      | The Shining One protects you from harm!
  7548 | D:9      | Noticed a two-headed ogre
  7558 | D:9      | Slain by a vampire mosquito

Illustrated notes

Levels and vault maps discovered:
D:1:      dpeg_arrival_orchard, layout_basic, serial_bayou_lake_a
D:2:      layout_loops_ring
D:3:      minmay_chambers_of_twos, layout_rooms, mainiacjoe_overflow_paths,
          mainiacjoe_overflow_two_lobes
D:4:      layout_basic, lemuel_doored_altar, minmay_temple_entry_glass,
          gammafunk_ghost_arena, serial_shops, nicolae_shop_scrapyard,
          minmay_misc_feat_ornament, uniq_eustachio
D:5:      layout_basic
D:6:      layout_basic, lemuel_coloured_pillars_altar, serial_shops,
          shop_fountains, nicolae_nh_oracle_at_delphi
D:7:      layout_layer_cave
D:9:      minmay_the_grid_4x2 [minmay_the_grid_holed_spiral,
          minmay_the_grid_square_x, minmay_the_grid_dragon_a,
          minmay_the_grid_diamond_grid, minmay_the_grid_embedded,
          minmay_the_grid_minigrid_medium, minmay_the_grid_mess,
          minmay_the_grid_prize_shrinking_boxes], layout_loops_ring,
          serial_shops, shop, st_stairs_1
D:10:     layout_basic, enter_trove_2
Temple:   minmay_crystal_spiral_temple

Skill      XL: |  1  2  3  4  5  6  7  8  9 10 |
---------------+-------------------------------+-----
Armour         | 1 2 3 4 5 7 |  7.3
Fighting       | 4 5 6 7 8 |  8.0
Long Blades    | 4 5 6 7 8 |  8.0
Throwing       | 1 2 3 4 |  4.8
Shields        | 1 2 3 4 |  4.4
Dodging        | |  3.0

Action                     |  1- 3 |  4- 6 |  7- 9 | 10-12 || total
---------------------------+-------+-------+-------+-------++-------
  Melee: Falchion          |    92 |       |       |       ||    92
         Long sword        |     8 |   100 |   252 |    59 ||   419
  Throw: Throwing net      |       |     2 |     3 |       ||     5
         Dart              |       |    12 |    46 |       ||    58
         Boomerang         |       |       |     3 |       ||     3
    Use: Scroll            |     4 |     4 |     9 |     5 ||    22
         Potion            |       |       |     1 |       ||     1
 Armour: Robe              |    10 |       |       |       ||    10
         Scale mail        |    39 |       |       |       ||    39
         Chain mail        |     8 |    78 |   234 |    76 ||   396
  Dodge: Dodged            |    60 |    35 |    71 |    26 ||   192
  Block: Buckler           |       |     4 |    45 |    17 ||    66
